 Dungeon Sprint DCSS version 0.24-a0-244-ga6a6ab7 (webtiles) character file.

Game seed: 3954976321371624384

242 MikeHunt the Covert (level 5, -3/38 HPs)
             Began as a Vampire Assassin on Apr 11, 2019.
             Was an Initiate of Dithmenos.
             Killed from afar by a wizard (18 damage)
             ... with a bolt of cold
             ... in the Dungeon (Sprint III: "The Ten Rune Challenge").
             The game lasted 00:02:17 (209 turns).

MikeHunt the Covert (Vampire Assassin)               Turns: 209, Time: 00:02:17

Health: -3/38      AC:  3    Str: 10    XL:     5   Next: 82%
Magic:  5/5        EV: 12    Int: 14    God:    Dithmenos [......]
Gold:   36         SH:  0    Dex: 16    Spells: 4/4 levels left

rFire    . . .     SeeInvis +   b - +0 blowgun
rCold    . . .     Gourm    .   (no shield)
rNeg     . . .     Faith    .   c - +0 robe
rPois    .         Spirit   .   (no helmet)
rElec    .         Reflect  .   d - +0 cloak
rCorr    .         Harm     .   (no gloves)
MR       .....     NoTele   +   (no boots)
Stlth    ++++++....             (no amulet)
HPRegen  0.32/turn              (no ring)
MPRegen  0.09/turn              (no ring)

@: regenerating quickly
A: fangs 3, see invisible, unbreathing
a: Renounce Religion


You were in the Dungeon.
You worshipped Dithmenos.
Dithmenos was noncommittal.
You were full.

You visited 1 branch You collected 36 gold pieces.

Inventory:

Hand Weapons
 a - a +2 dagger
 b - a +0 blowgun (weapon)
Missiles
 e - 7 poisoned needles
 f - a curare-tipped needle (quivered)
Armour
 c - a +0 robe (worn)
 d - a +0 cloak (worn)
Scrolls
 m - a scroll of blinking
 o - a scroll of holy word {unknown}
 p - 3 scrolls of identify
 q - a scroll of enchant weapon {unknown}
 s - a scroll of immolation {unknown}
 t - 2 scrolls of remove curse
Potions
 g - a potion of blood
 h - a potion of curing
 i - a potion of heal wounds
 j - a potion of haste
 k - 2 potions of magic
 n - 5 potions of mutation
 r - 3 potions of flight


   Skills:
 - Level 1.7 Fighting
 + Level 9.6 Short Blades
 - Level 1.5 Throwing
 + Level 1.1 Dodging
 + Level 13.8 Stealth


You had 4 spell levels left.
You didn't know any spells.
Your spell library was empty.

Dungeon Overview and Level Annotations

Branches:
Dungeon (1/1)

Altars:
Dithmenos
Kikubaaqudgha
Ru
Sif Muna
Vehumet
Yredelemnul


Innate Abilities, Weirdness & Mutations

Your natural rate of healing is unusually fast.
You have razor-sharp teeth.
You have supernaturally acute eyesight. (SInv)
You can survive without breathing.


Message History

Firing (i - inventory. (/) - cycle)
e - 8 poisoned needles (quivered)
Press: ? - help, Shift-Dir - straight line, f - wizard
Aim: a wizard, wielding a +0 dagger and wearing a +0 robe (fast)
You shoot a poisoned needle. The poisoned needle misses the wizard.
The wizard casts a spell at you. The crystal spear hits you!!
Ouch! That really hurt!
Quiver which item? (- for none, * to show all) (? for menu, Esc to quit)
Quivering
f - 2 curare-tipped needles for blowguns.
Firing (i - inventory. (/) - cycle)
f - 2 curare-tipped needles (quivered)
Press: ? - help, Shift-Dir - straight line, f/p - wizard
Aim: a wizard, wielding a +0 dagger and wearing a +0 robe (fast)
You shoot a curare-tipped needle.
The curare-tipped needle hits the wizard.
The wizard is poisoned.
The wizard convulses.
The wizard seems to slow down.
The wizard is heavily wounded.
The kobold demonologist hits you but does no damage.
The wizard casts a spell at you. The bolt of cold hits you!!
You die...

.#......#####..# #__#
##.......#%%#..# #._#
.##.##...#..#..###+#+###'##
.##.###..##'#..#..........#
####.##..###...'.⌠........#
##..##..####...#...######+#
....##..###....#.⌠.#
#..##...##.....#...#
÷.##....#......#@###
.###..##.#..†..#Kp:# .# #..
####....#___# ▓▓ ▓▓▓
▓▓▓▓▓▓▓▓▓▓


You could see a wizard and a kobold demonologist.

Vanquished Creatures
  A necrophage (D)
  A water elemental (D)
  A scorpion (D)
  A necromancer (D)
  A human (D)
  An ooze (D)
  3 rats (D)
9 creatures vanquished.

Vanquished Creatures (others)
  A draconian scorcher (D)
  6 hellions (D)
  4 plants (D)
11 creatures vanquished.

Grand Total: 20 creatures vanquished

Notes
Turn   | Place    | Note
-------+----------+-------------------------------------------
     0 | D        | MikeHunt the Vampire Assassin began the quest for the Orb.
     0 | D        | Reached XP level 1. HP: 16/16 MP: 1/1
     9 | D        | Reached skill level 6 in Stealth
    11 | D        | Reached skill level 7 in Stealth
    35 | D        | Noticed a scorpion
    38 | D        | Killed a scorpion
    38 | D        | Reached skill level 9 in Stealth
    38 | D        | Reached XP level 2. HP: 22/22 MP: 2/2
    38 | D        | Reached XP level 3. HP: 27/27 MP: 3/3
    43 | D        | Reached skill level 10 in Stealth
    43 | D        | Reached XP level 4. HP: 33/33 MP: 4/4
    62 | D        | Noticed a water elemental
    64 | D        | Killed a water elemental
    64 | D        | Reached skill level 11 in Stealth
    74 | D        | Found a basalt altar of Yredelemnul.
    74 | D        | Found a shadowy altar of Dithmenos.
    74 | D        | Found a sacrificial altar of Ru.
    74 | D        | Noticed a necrophage
    75 | D        | Killed a hellion
    75 | D        | Killed a hellion
    78 | D        | Killed a necrophage
    78 | D        | Reached skill level 13 in Stealth
    78 | D        | Reached XP level 5. HP: 38/38 MP: 5/5
    78 | D        | Killed a hellion
    93 | D        | Became a worshipper of Dithmenos the Shadowed
   107 | D        | Killed a hellion
   108 | D        | Killed a hellion
   119 | D        | Killed a hellion
   192 | D        | Killed a white draconian scorcher
   204 | D        | Found a radiant altar of Vehumet.
   205 | D        | Found a deep blue altar of Sif Muna.
   205 | D        | Found an ancient bone altar of Kikubaaqudgha.
   209 | D        | Killed from afar by a wizard

Levels and vault maps discovered:
D:        dungeon_sprint_mu [sprint_mu_entry_cave, sprint_mu_temple_rooms,
          sprint_mu_d1_spiders, sprint_mu_d2_genie, sprint_mu_d3_branching,
          sprint_mu_orc_legion, sprint_mu_elf_gauntlet, sprint_mu_hive_nellie,
          sprint_mu_lair_fedhas, sprint_mu_vaults_butterflies,
          sprint_mu_slime_circle, sprint_mu_swamp_cave, sprint_mu_shoals_archi,
          sprint_mu_blade_basic, sprint_mu_crypt_chambers,
          sprint_mu_tomb_spiral, sprint_mu_vestibule_basic,
          sprint_mu_gehenna_hellfire, sprint_mu_dis_giant,
          sprint_mu_tartarus_statrot, sprint_mu_cocytus_islands, sprint_mu_zot1]

Skill      XL: |  1  2  3  4 |
---------------+-------------+-----
Short Blades   | 6 9 |  9.6
Stealth        | 9 10 13 | 13.8
Fighting       | |  1.7
Throwing       | |  1.5
Dodging        | |  1.1

Action                   |  1- 3 |  4- 6 || total
-------------------------+-------+-------++-------
Melee: Dagger            |     6 |     9 ||    15
       Bite              |     1 |       ||     1
 Fire: Blowgun           |       |     2 ||     2
  Use: Potion            |       |     1 ||     1
 Stab: Sleeping          |     5 |     1 ||     6
  Eat: Corpse            |     1 |     1 ||     2
Armor: Robe              |       |     1 ||     1
Dodge: Dodged            |     1 |     4 ||     5

Table legend:
 A = Non-vault XP
 B = Vault XP
 C = Vault XP percentage of total XP
 D = Non-vault monster count
 E = Vault monster count
 F = Vault count percentage of total count
                 A         B        C        D         E       F
            +---------+---------+-------+---------+---------+-------
      Total |       0 |     347 | 100.0 |       0 |       9 | 100.0
            +---------+---------+-------+---------+---------+-------
          D |       0 |     347 | 100.0 |       0 |       9 | 100.0
            +---------+---------+-------+---------+---------+-------
